cohdb
Replays
Latest Replays
All Replays
Popular Replays
Top Player Replays
Match Explorer
How It Works
Community
CoH3 Stats
Reddit
Sign in to upload your games and track your stats! →
Sign in with Steam
Match 42722448
Unlisted
Match 42722448
Overview
Messages
Build Orders
End
Construct Infanterie Kompanie
Kettenkrad Recon Vehicle
Selects Italian Coastal Battlegroup
Selects Coastal Reserves
MG 42 Machine Gun Team
GrW 34 Mortar Team
Coastal Reserve
Coastal Reserve
Construct Panzergrenadier Kompanie
Panzergrenadier Squad
Medical Station
Panzergrenadier Squad
Selects Artillery Officer
Artillery Officer
Construct Panzer Kompanie
Pak 40 Anti-tank Gun Team
Pak 40 Anti-tank Gun Team
Selects Obice da 210/22 Artillery Emplacement
Panzergrenadier Squad
Sturmpanzer IV Brummbär
Selects Support Bunkers
Selects Designated Artillery Overwatch
251 Medium Carrier
Kettenkrad Recon Vehicle
Selects Bulwark
Repair Bunker
Kettenkrad Recon Vehicle
Mustache and Melons
TLS'Waifu
ZFranchise2121
eagles_79
0
0
Comments
sign in to comment!
No comments posted yet!